 Dungeon Crawl Stone Soup version 0.32-a0-7-ge934b4519a (webtiles) character file.

Game seed: 4048491787973223012

1137212 oldriver the Archmage (level 27, -10/249 HPs)
             Began as a Demonspawn Ice Elementalist on Jan 13, 2024.
             Was an Initiate of Gozag.
             Mangled by a reaper
             ... wielding a +1 scythe of flaming
              (11 damage)
             ... in Pandemonium on Jan 14, 2024.
             The game lasted 06:21:21 (165914 turns).

oldriver the Archmage (DsIE)                      Turns: 165914, Time: 06:21:26

Health: -10/249    AC:  9    Str: 12    XL:     27
Magic:  46/46      EV: 22    Int: 40    God:    Gozag
Gold:   10934      SH: 11    Dex: 17    Spells: 26/80 levels left

rFire   + + +        e - staff of Kuithrich {rN+ rCorr Necro}
rCold   + + +        H - +3 buckler
rNeg    + + +        Y - +1 robe of Discretion {Int+5 Archmagi}
rPois   +            (helmet unavailable)
rElec   +            K - scarf {rC+ rF+}
rCorr   +            X - +1 pair of gloves of the Guava {rElec rPois}
SInv    +            T - +0 pair of boots of the Bagpipe {Rampage *Corrode Will+ Int+8}
Will    +++..        a - amulet of Laes Him {RegenMP Fly Str+2 Int+3 Dex-3}
Stlth   ++++++++++   G - ring of Suyloniu {Wiz ^Contam rF+ rC+ rN++}
HPRegen 1.41/turn    d - ring "Xizomibo" {rElec MP+9 AC+4}
MPRegen 0.70/turn

%: random rage (3%), corrode self (3%), rampage, wizardry (x1), archmagi
@: mighty, about to teleport, resistant, flying, hasted, studying 2 skills, very
quick
A: antennae 3, thin skeletal structure 3, powered by pain 3, spiny 3, corrupting
presence 2, word of chaos, fangs 1, berserk 1, deformed body, dopey 2, low MP 3,
regeneration 1, teleportitis 1, inability to read after injury 1
}: 11/15 runes: serpentine, barnacled, slimy, silver, iron, obsidian, icy,
abyssal, demonic, glowing, fiery
a: Word of Chaos, Renounce Religion, Potion Petition, Call Merchant, Bribe
Branch


You were in Pandemonium.
You worshipped Gozag.
Gozag was extremely pleased with you.
You visited 16 branches of the dungeon, and saw 77 of its levels.
You visited Pandemonium 2 times, and saw 14 of its levels.
You visited the Abyss 1 time.
You also visited: Volcano.

You collected 50748 gold pieces.
You spent 13916 gold pieces at shops.
You paid 25898 gold pieces to Gozag.

Inventory:

Missiles
 v - 2 throwing nets
Armour
 H - a +3 buckler (worn)
 K - a scarf of resistance (worn)
 T - the +0 pair of boots of the Bagpipe (worn) {Rampage *Corrode Will+ Int+8}
   (You found it on level 15 of the Dungeon)

   Int+8:     It affects your intelligence (+8).
   Will+:     It increases your willpower.
   *Corrode:  It may corrode you when you take damage.
   Rampage:   It bestows one free step when moving towards enemies.
 X - the +1 pair of gloves of the Guava (worn) {rElec rPois}
   (You bought it in a shop on level 2 of the Snake Pit)

   rElec:     It insulates you from electricity.
   rPois:     It protects you from poison
 Y - the +1 robe of Discretion (worn) {Int+5 Archmagi}
   (You bought it in a shop on level 1 of the Snake Pit)

   Int+5:     It affects your intelligence (+5).
   Archmagi:  It increases the power of your magical spells.
Magical Staves
 e - the staff of Kuithrich (weapon) {rN+ rCorr Necro}
   (You bought it in a shop on level 5 of the Dungeon)

   [staff of death]

   Base accuracy: +5 Base damage: 5 Base attack delay: 1.2 This weapon's minimum
   attack delay (0.6) is reached at skill level 12.
   rN+:       It protects you from negative energy.
   rCorr:     It protects you from acid and corrosion.
   Necro:     It increases the power of your Necromancy spells.
   It falls into the 'Staves' category.
   It is a one-handed weapon.
Jewellery
 a - the amulet of Laes Him (around neck) {RegenMP Fly Str+2 Int+3 Dex-3}
   (You bought it in a shop on level 3 of the Elven Halls)

   [amulet of magic regeneration]

   RegenMP:   It increases your rate of magic regeneration.
   Str+2:     It affects your strength (+2).
   Int+3:     It affects your intelligence (+3).
   Dex-3:     It affects your dexterity (-3).
   Fly:       It grants you flight.
 d - the ring "Xizomibo" (right hand) {rElec MP+9 AC+4}
   (You bought it in a shop on level 3 of the Shoals)

   [ring of protection]

   AC+4:      It affects your AC (+4).
   rElec:     It insulates you from electricity.
   MP+9:      It affects your magic capacity (+9).
 w - the ring of Watiosics {rF+ Will+ AC+4}
   (You took it off a balrug in Pandemonium)

   [ring of protection]

   AC+4:      It affects your AC (+4).
   rF+:       It protects you from fire.
   Will+:     It increases your willpower.
 G - the ring of Suyloniu (left hand) {Wiz ^Contam rF+ rC+ rN++}
   (You found it on level 7 of Gehenna)

   [ring of wizardry]

   Wiz:       It improves your spell success rate.
   rF+:       It protects you from fire.
   rC+:       It protects you from cold.
   rN++:      It greatly protects you from negative energy.
   ^Contam:   It causes magical contamination when unequipped.
Wands
 h - a wand of paralysis (14)
 n - a wand of iceblast (63)
 p - a wand of acid (48)
 C - a wand of digging (23)
 Z - a wand of mindburst (85)
Scrolls
 c - 22 scrolls of teleportation
 m - 9 scrolls of revelation
 q - 6 scrolls of fear
 r - a scroll of poison
 t - 2 scrolls of vulnerability
 N - 5 scrolls of blinking
 U - 12 scrolls of fog
Potions
 b - 6 potions of magic
 i - a potion of mutation
 j - 2 potions of attraction
 k - 33 potions of curing
 l - 6 potions of resistance
 o - a potion of lignification
 s - 6 potions of brilliance
 u - 9 potions of might
 x - 2 potions of cancellation
 z - 7 potions of invisibility
 A - 8 potions of heal wounds
 V - 12 potions of haste
Miscellaneous
 f - the horn of Geryon
 g - a sack of spiders
 F - a phantom mirror (inert)
 J - a phial of floods (inert)
 L - a condenser vane
 R - a lightning rod (4/4)


   Skills:
 O Level 27 Fighting
 - Level 2.0 Armour
 - Level 17.0 Dodging
 - Level 18.0 Stealth
 - Level 14.0 Shields
 O Level 27 Spellcasting
 - Level 15.0 Conjurations
 - Level 4.0 Summonings
 - Level 23.0 Ice Magic
 - Level 4.0 Air Magic
 - Level 24.0 Earth Magic
 - Level 8.9 Alchemy
 - Level 6.0 Evocations
 + Level 20.1 Shapeshifting


You had 26 spell levels left.
You knew the following spells:

 Your Spells              Type           Power      Damage    Failure   Level
a - Ozocubu's Armour      Ice            100%       N/A       0%          3
c - Lehudib's Crystal Sp  Conj/Erth      71%        10d16     1%          8
i - Irradiate             Conj/Alch      61%        3d32      1%          5
o - Ozocubu's Refrigerat  Ice            75%        4d24      1%          7
p - Shatter               Erth           76%        3d56*     1%          9
s - Bombard               Conj/Erth      71%        9d12      0%          6
v - Polar Vortex          Ice            75%        12d10*    1%          9
z - Spellforged Servitor  Conj/Summ      57%        N/A       2%          7

Your spell library contained the following spells:

 Spells                   Type           Power      Damage    Failure   Level
 Foxfire                  Conj/Fire      100%       2x1d9     0%          1
 Freeze                   Ice            100%       1d10      0%          1
 Kiss of Death            Conj/Necr      100%       2d13      0%          1
 Magic Dart               Conj           100%       1d8       0%          1
 Sandblast                Erth           100%       2d20      0%          1
 Sting                    Conj/Alch      100%       1d9       0%          1
 Ensorcelled Hibernation  Hex/Ice        100%       N/A       0%          2
 Searing Ray              Conj           100%       2d8       0%          2
 Frozen Ramparts          Ice            100%       1d16      0%          3
 Hailstorm                Conj/Ice       100%       3d16      0%          3
 Mephitic Cloud           Conj/Alch/Air  100%       N/A       0%          3
 Passwall                 Erth           100%       N/A       0%          3
 Stone Arrow              Conj/Erth      100%       3d13      0%          3
 Summon Ice Beast         Ice/Summ       100%       N/A       0%          3
 Animate Armour           Summ/Erth      100%       N/A       0%          4
 Brom's Barrelling Bould  Conj/Erth      100%       2d11      0%          4
 Leda's Liquefaction      Alch/Erth      67%        N/A       0%          4
 Iskenderun's Battlesphe  Conj           100%       2d15      0%          5
 Lee's Rapid Deconstruct  Erth           76%        3d34*     0%          5
 Apportation              Tloc           100%       N/A       1%          1
 Necrotise                Necr           100%       1d9       1%          1
 Summon Small Mammal      Summ           100%       N/A       1%          1
 Cigotuvi's Dreadful Rot  Necr/Alch/Air  100%       N/A       1%          2
 Lesser Beckoning         Tloc           100%       N/A       1%          2
 Mercury Vapours          Alch/Air       100%       N/A       1%          2
 Scorch                   Fire           100%       2d9       1%          2
 Call Canine Familiar     Summ           91%        N/A       1%          3
 Confusing Touch          Hex            69%        N/A       1%          3
 Dazzling Flash           Conj/Hex       100%       N/A       1%          3
 Fugue of the Fallen      Necr           88%        N/A       1%          3
 Gell's Gravitas          Tloc           69%        N/A       1%          3
 Inner Flame              Hex/Fire       69%        N/A       1%          3
 Swiftness                Air            91%        N/A       1%          3
 Teleport Other           Tloc           69%        N/A       1%          3
 Tukima's Dance           Hex            69%        N/A       1%          3
 Volatile Blastmotes      Fire/Tloc      100%       2d18      1%          3
 Anguish                  Hex/Necr       44%        N/A       1%          4
 Cause Fear               Hex            34%        N/A       1%          4
 Dimensional Bullseye     Hex/Tloc       34%        N/A       1%          4
 Dispel Undead            Necr           88%        3d28      1%          4
 Flame Wave               Conj/Fire      100%       2d21      1%          4
 Fulminant Prism          Conj/Alch      61%        3d26      1%          4
 Ignite Poison            Fire/Alch      94%        N/A       1%          4
 Iskenderun's Mystic Bla  Conj/Tloc      100%       2d19      1%          4
 Manifold Assault         Tloc           69%        N/A       1%          4
 Martyr's Knell           Necr/Summ      100%       N/A       1%          4
 Olgreb's Toxic Radiance  Alch           100%       N/A       1%          4
 Passage of Golubria      Tloc           69%        N/A       1%          4
 Sticky Flame             Fire/Alch      94%        2d14      1%          4
 Summon Blazeheart Golem  Fire/Summ      81%        N/A       1%          4
 Summon Lightning Spire   Summ/Air       91%        N/A       1%          4
 Vhi's Electric Charge    Tloc/Air       100%       N/A       1%          4
 Alistair's Intoxication  Alch           74%        N/A       1%          5
 Arcjolt                  Conj/Air       57%        1d67      1%          5
 Borgnjor's Vile Clutch   Necr/Erth      73%        N/A       1%          5
 Fireball                 Conj/Fire      53%        3d21      1%          5
 Freezing Cloud           Conj/Ice/Air   64%        6-21      1%          5
 Silence                  Hex/Air        40%        N/A       1%          5
 Yara's Violent Unravell  Hex/Alch       47%        3d18      1%          5
 Conjure Ball Lightning   Conj/Air       57%        3x3d21    1%          6
 Eringya's Noxious Bog    Alch           56%        4d6       1%          6
 Sculpt Simulacrum        Ice/Alch       67%        N/A       1%          6
 Starburst                Conj/Fire      53%        6d14      1%          6
 Orb of Destruction       Conj           66%        9d16      1%          7
 Curse of Agony           Necr           88%        N/A       4%          5
 Summon Cactus Giant      Summ           45%        N/A       4%          6
 Plasma Beam              Fire/Air       40%        2x1d54    10%         6
 Death Channel            Necr           44%        N/A       22%         6
 Dispersal                Tloc           34%        N/A       22%         6
 Summon Hydra             Summ           45%        N/A       24%         7
 Haunt                    Necr/Summ      51%        N/A       45%         7
 Malign Gateway           Summ/Tloc      40%        N/A       45%         7
 Enfeeble                 Hex            34%        N/A       73%         7
 Maxwell's Capacitive Co  Air            45%        ∞         86%         8
 Summon Horrible Things   Summ           45%        N/A       86%         8
 Chain Lightning          Conj/Air       57%        3d76      95%         9
 Fire Storm               Conj/Fire      53%        8d14      99%         9
 Discord                  Hex            34%        N/A       100%        8
 Disjunction              Tloc           34%        N/A       100%        8
 Ignition                 Fire           34%        3d11      100%        8
 Infestation              Necr           44%        N/A       100%        8
 Animate Dead             Necr           Unusable   N/A       N/A         4

Dungeon Overview and Level Annotations

Branches:
Dungeon (15/15)            Temple (1/1) D:4            Lair (5/5) D:11
 Shoals (4/4) Lair:2        Snake (4/4) Lair:3        Slime (5/5) Lair:4
    Orc (2/2) D:12            Elf (3/3) Orc:2        Vaults (5/5) D:14
  Crypt (3/3) Vaults:2       Tomb (0/3) Crypt:3      Depths (4/4) D:15
   Hell (visited)             Dis (7/7) Hell            Geh (7/7) Hell
    Coc (7/7) Hell            Tar (0/7) Hell            Zot (5/5) Depths:4
Volcano (visited)

Altars:
Ashenzari
Cheibriados
Dithmenos
Fedhas
Gozag
Hepliaklqana
Kikubaaqudgha
Makhleb
Nemelex Xobeh
Okawaru
Qazlal
Ru
Sif Muna
Trog
Uskayaw
Vehumet
Wu Jian
Xom
Yredelemnul
Jiyva
Lugonu

Shops:
D:5 *   D:7 [   D:12 *   Orc:2 :==:   Elf:3 =   Lair:5 (   Shoals:1 *
Shoals:2 !   Shoals:3 =   Snake:1 =::[*[   Snake:2 ?[[[   Snake:3 :   Slime:4 (
Vaults:1 :   Vaults:3 !   Depths:1 [=   Depths:4 :([*?

Portals:
Hell: Depths:1 Depths:2 Depths:3 Depths:4
Abyss: Geh:5 Depths:2 Depths:3
Pandemonium: Depths:2 Depths:4
Ziggurat: Depths:2

Annotations:
D:6 Dowan, Duvessa
Shoals:3 6 transporters
Elf:2 3 runed translucent doors
Pan Gloorx Vloq


Innate Abilities, Weirdness & Mutations

You have a pair of large antennae on your head. (SInv)
You have an unnaturally thin skeletal structure. (Dex +6, Stealth+++)
You are powered by pain.
You are completely covered in sharp spines.
Your presence sometimes corrodes or deforms those you injure.
You can speak a Word of Chaos.
You have very sharp teeth.
You sometimes lose your temper in combat.
Armour fits poorly on your strangely shaped body.
You are very dopey. (Int -4)
Your magical capacity is extremely low. (-30% MP)
Your natural rate of healing is unusually fast.
You are occasionally teleported next to monsters.
You occasionally lose the ability to read scrolls when taking damage.


Message History

The Executioner misses you.
The Executioner is struck by your spines.
The Executioner misses you.
The Executioner hits you but does no damage. x2
An Executioner comes into view.
The Executioner gives a hideous shriek!
Okay, then. [a] - 208 gold - might and brilliance [b] - 575 gold - haste, resistance and enlightenment [c] - 480 gold - haste, resistance and might Purchase which effect?
You feel yourself speed up.
You feel protected.
You feel very mighty all of a sudden. The Executioner misses you.
The Executioner completely misses you.
The Executioner hits you but does no damage.
The Executioner gestures.
The Executioner seems to speed up.
You block the Executioner's attack. The Executioner completely misses you.
You block the Executioner's attack.
The curse skull rattles its jaw.
The Executioner hits you!!
* * * LOW HITPOINT WARNING * * *
You focus on the pain.
You feel mightier all of a sudden. The Executioner closely misses you.
The Executioner hits you!
* * * LOW HITPOINT WARNING * * *
Gloorx Vloq gestures.
The Executioner is struck by your spines.
The Executioner hits you!!
* * * LOW HITPOINT WARNING * * *
You focus on the pain.
You feel your power returning. The Executioner hits you.
* * * LOW HITPOINT WARNING * * *
The Executioner hits you.
* * * LOW HITPOINT WARNING * * *
The Executioner is struck by your spines.
The Executioner hits you.
* * * LOW HITPOINT WARNING * * *
The Executioner misses you. The Executioner barely misses you.
The reaper hits you from afar with a +1 scythe of flaming!
You die...
Your body crumbles into a pile of gold.

##. .. .
.. .. ..
.1, ##z,
.. #. #W.
#.,#& ..#{
#.z#.#..#
#..1111.#
#...1@..#
{##.....##
###2###{
.. #.. ...
##+#


You could see Gloorx Vloq, a reaper, 6 Executioners, 2 curse skulls and a
freezing wraith (summoned).

Vanquished Creatures
  Cerebov (Pan)
  Antaeus (Coc:7)
  Asmodeus (Geh:7)
  the Royal Jelly (Slime:5)
  Mnoleg (Pan)
  6 pandemonium lords (Pan)
  Dispater (Dis:7)
  An ancient lich (Vaults:5)
  A dread lich (Vaults:5)
  3 orbs of fire (Zot:5)
  3 juggernauts
  Vv (Depths:2)
  The ghost of Uferhotu the Impregnable, a veteran MiGl of Hepliaklqana (Crypt:2)
  23 shard shrikes
  5 curse toes
  9 Killer Klowns
  Geryon (Hell)
  27 caustic shrikes
  Nikola (Vaults:3)
  5 golden dragons
  A bone dragon (Abyss:3)
  3 doom hounds (Depths:2)
  3 electric golems
  7 iron giants
  15 Brimstone Fiends
  11 Tzitzimimeh (Pan)
  19 tentacled monstrosities
  29 Hell Sentinels
  6 hellephants
  16 Ice Fiends
  3 liches
  Mlioglotl (Shoals:1)
  A walking earthen tome (Depths:3)
  2 walking divine tomes
  5 quicksilver dragons
  3 deep elf blademasters (Elf:3)
  25 Orb Guardians (Zot:5)
  12 titans
  Grunn (Depths:2)
  9 searing wretches
  A deep elf master archer (Elf:3)
  17 acid blobs
  11 sphinxes
  Gastronok (D:12)
  9 death cobs
  An eldritch tentacle (Pan)
  Kirke (Shoals:1)
  A kraken (Shoals:3)
  2 tentacled starspawn
  7 Executioners (Pan)
  3 tengu reavers
  Donald (Orc:2)
  35 ancient champions
  12 shadow dragons
  12 storm dragons
  11 azure jellies
  Aizul (Shoals:1)
  5 revenants
  4 nagarajas (Snake:4)
  11 rockslimes
  14 frost giants
  8 narguns
  13 quicksilver elementals
  11 draconian monks
  8 protean progenitors
  13 demonspawn warmongers (Pan)
  7 draconian shifters
  4 draconian knights (Zot:1)
  16 fire giants
  57 balrugs
  4 ghost moths
  7 deep elf sorcerers (Elf:3)
  6 draconian scorchers
  25 vault wardens
  3 deep elf elementalists (Elf:3)
  8 iron dragons
  10 ghouls
  43 reapers
  7 orc warlords
  A spriggan defender (Depths:3)
  6 draconian stormcallers
  2 curse skulls
  26 cacodemons
  6 draconian annihilators
  A caustic shrike zombie (Crypt:1)
  9 demonspawn blood saints (Pan)
  7 shard shrike simulacra
  22 ironbound preservers
  9 ironbound thunderhulks
  17 quicksilver oozes
  5 formless jellyfish
  17 stone giants
  21 very ugly things
  6 demonspawn corrupters (Pan)
  6 vampire knights
  25 elemental wellsprings
  4 deep elf demonologists
  15 green draconians
  4 demonspawn black suns (Pan)
  9 lorocyprocas (Pan)
  9 purple draconians
  16 black draconians
  15 yellow draconians
  A halazid warlock (Hell)
  16 spark wasps
  15 wendigos
  3 dire elephants (Vaults:2)
  5 deep elf death magi
  31 war gargoyles
  9 red draconians
  7 white draconians
  A bunyip (Abyss:2)
  9 deep elf annihilators
  14 ettins
  5 blizzard demons (Pan)
  2 mummy priests (Crypt:2)
  27 iron golems
  8 eidola
  2 acid blob zombies
  6 crystal guardians (Dis:7)
  14 green deaths (Pan)
  5 merfolk javelineers
  5 fire dragons
  18 jiangshi
  11 yaktaur captains
  10 great orbs of eyes
  3 merfolk impalers (Shoals:3)
  A quicksilver dragon zombie (Crypt:1)
  3 entropy weavers
  4 deep elf high priests
  2 rakshasas
  29 vault guards
  Erolcha (D:9)
  A spriggan zombie (Crypt:3)
  7 hell beasts (Pan)
  7 hydras
  A quicksilver dragon skeleton (Crypt:3)
  15 salamander tyrants
  A merfolk avatar (Shoals:3)
  12 ice dragons
  11 caustic shrike simulacra
  3 stokers
  8 juggernaut simulacra
  3 alligator snapping turtles
  A fenstrider witch skeleton (Crypt:1)
  3 ogre magi (Vaults:5)
  7 boulder beetles
  A catoblepas (Lair:2)
  4 merfolk aquamancers
  A spriggan skeleton (Crypt:1)
  An anaconda (shapeshifter) (Vaults:5)
  15 dancing weapons
  7 centaur warriors
  9 ironbound frosthearts
  4 satyrs
  10 two-headed ogres
  A bennu skeleton (Crypt:1)
  8 naga warriors
  11 anacondas
  3 death yaks (Lair:3)
  A spectral naga (Crypt:3)
  4 deep troll shamans
  4 deep troll earth magi
  51 demonic crawlers (Pan)
  47 hell hogs
  A thrashing horror (Abyss:3)
  A shock serpent (shapeshifter) (Vaults:4)
  3 orc high priests
  8 tengu warriors
  11 naga sharpshooters
  Urug (D:11)
  10 vampire magi
  7 shock serpents
  3 spriggan berserkers
  9 deep elf knights
  2 occultists (Depths:2)
  36 soul eaters
  13 crystal echidnas
  5 skysharks
  A storm dragon zombie (Crypt:2)
  3 hell knights
  186 sun demons
  32 skeletal warriors
  A salamander mystic (Snake:3)
  27 sixfirhies (Pan)
  A wretched star (Abyss:3)
  A sea snake (shapeshifter) (Vaults:5)
  2 anaconda zombies (Hell)
  10 shadow wraiths (Crypt:3)
  10 sea snakes
  4 iron trolls
  A spectral anaconda (Crypt:3)
  3 bog bodies
  67 deep trolls
  73 large abominations
  8 quicksilver dragon simulacra
  40 shadow demons
  A spectral iron dragon (Crypt:3)
  12 sun moths (Pan)
  3 glowing orange brains
  5 flayed ghosts
  6 naga ritualists
  A deep troll (shapeshifter) (Vaults:2)
  20 mana vipers
  5 arcanists
  7 necromancers
  A fenstrider witch simulacrum (Coc:1)
  5 spriggan simulacra
  2 orange crystal statues (Abyss:3)
  18 deep elf archers
  13 harpies
  22 ironbound convokers
  A golden dragon skeleton (Crypt:3)
  7 lindwurms
  Pikel (D:6)
  23 phantasmal warriors
  21 deep elf zephyrmancers
  25 deep elf pyromancers
  An alligator zombie (Hell)
  10 orc sorcerers
  14 orc knights
  2 steelbarb worms (shapeshifter)
  An alligator skeleton (Hell)
  A glowing shapeshifter (Vaults:5)
  12 manticores
  40 ugly things
  A manticore (shapeshifter) (Depths:3)
  A will-o-the-wisp (Depths:2)
  3 shining eyes
  22 moths of wrath
  9 cyclopes
  25 fauns
  A shining eye (shapeshifter) (Depths:3)
  A meliai (shapeshifter) (D:15)
  7 merfolk sirens
  An eleionoma skeleton (Crypt:3)
  12 salamanders
  A water nymph (shapeshifter) (Vaults:5)
  2 naga zombies
  14 elephants
  7 eyes of devastation
  11 guardian serpents
  15 molten gargoyles
  2 kobold blastminers (Orc:2)
  8 rust devils (Hell)
  35 orange demons (Pan)
  34 black mambas
  An ice statue (Hell)
  17 naga magi
  19 vault sentinels
  10 titan simulacra
  113 smoke demons
  5 water nymphs
  2 gargoyles
  13 yaktaurs
  12 cane toads
  18 hellions
  A rime drake (Lair:2)
  3 sea snake zombies (Hell)
  A storm dragon simulacrum (Coc:1)
  A centaur skeleton (Crypt:1)
  3 unseen horrors
  20 efreet (Pan)
  2 bunyip simulacra
  6 red devils
  5 anaconda simulacra
  3 iron giant simulacra
  11 komodo dragons
  10 ice devils
  2 hydra zombies (Hell)
  11 freezing wraiths
  13 tormentors
  3 golden dragon simulacra
  29 merfolk
  2 guardian mummies (Crypt:2)
  10 trolls
  A spectral harpy (Crypt:3)
  5 hellwings (Pan)
  A harpy zombie (Crypt:3)
  A shadow dragon simulacrum (Coc:1)
  4 saltlings (Orc:2)
  8 wind drakes
  A raiju (Abyss:3)
  9 blink frogs
  4 nameless horrors (Pan)
  A harpy skeleton (Abyss:3)
  6 polar bears (Lair:5)
  A tarantella (Vaults:3)
  5 hornets (Lair:5)
  Grinder (D:6)
  11 dream sheep
  10 glass eyes
  2 iron dragon simulacra
  125 slime creatures
  2 centaur simulacra (Coc:2)
  2 stone giant simulacra (Coc:2)
  7 snapping turtles
  Sigmund (D:6)
  4 air elementals
  An ice dragon skeleton (Crypt:3)
  11 shadows
  5 dire elephant simulacra
  14 wraiths
  5 wyverns
  An alligator snapping turtle simulacrum (Coc:2)
  2 hogs (Shoals:1)
  16 water elementals
  11 spriggans (Lair:5)
  89 ynoxinuls (Pan)
  A human (D:12)
  8 basilisks
  39 yaks
  2 fire bats (Volcano)
  2 ushabtiu (Crypt:2)
  4 fire elementals
  89 chaos spawn
  6 starcursed masses (Abyss:3)
  4 golden eyes
  A redback (Vaults:3)
  2 vampire mosquitoes
  43 neqoxecs
  A wind drake skeleton (Crypt:1)
  5 wargs
  45 nagas
  A demonspawn zombie (Crypt:2)
  14 harpy simulacra
  A fire bat zombie (Crypt:3)
  A hog (shapeshifter) (Vaults:5)
  An acid dragon (D:13)
  8 water moccasins
  A hydra simulacrum (Coc:1)
  An entropy weaver zombie (Crypt:2)
  A deep troll skeleton (Crypt:1)
  33 orc warriors
  5 ice beasts
  A black bear (Lair:1)
  2 sky beasts (D:7)
  32 laughing skulls
  7 ogres
  9 ettin simulacra
  12 boggarts
  41 wolves
  A snapping turtle skeleton (Crypt:2)
  14 centaurs
  2 lemures (D:6)
  2 phantoms
  3 kobold brigands
  4 elf zombies (Elf:1)
  A komodo dragon zombie (Crypt:2)
  9 weeping skulls
  9 bullfrogs
  6 necrophages
  A gnoll sergeant (D:8)
  3 naga simulacra
  A scorpion (D:8)
  21 wights
  A water moccasin skeleton (Crypt:3)
  9 killer bees
  7 howler monkeys
  2 electric eels (Snake:1)
  3 bullfrog zombies (D:5)
  7 lava snakes (Volcano)
  3 hounds
  A black bear skeleton (Crypt:3)
  A human zombie (D:5)
  28 orc priests
  3 iguanas
  24 orc wizards
  A scorpion zombie (Crypt:1)
  6 hell rats (Hell)
  9 adders
  7 gnolls
  A shadow imp (Pan)
  5 white imps
  An adder zombie (D:5)
  A dart slug (D:1)
  2 ribbon worms
  96 orcs
  7 ball pythons
  3 bats (D:1)
  A bat zombie (Crypt:2)
  7 endoplasms
  2 giant cockroaches
  9 hobgoblins
  5 jackals
  4 quokkas
  A river rat zombie (Crypt:2)
  An endoplasm zombie (Crypt:1)
  7 frilled lizards
  A giant cockroach zombie (Crypt:3)
  A gnoll zombie (Crypt:3)
  11 goblins
  13 kobolds
  8 rats
  A rat skeleton (Crypt:2)
  A river rat skeleton (Crypt:2)
  11 aspiring fleshes
  5 creeping infernos
  18 fire vortices
  2 lurking horrors (Geh:5)
  A starspawn tentacle (Abyss:2)
4085 creatures vanquished.

Vanquished Creatures (collateral kills)
  4 pandemonium lords (Pan)
  An ancient lich (Vaults:5)
  Mennas (Pan)
  5 shard shrikes
  A Brimstone Fiend (Pan)
  5 Tzitzimimeh (Pan)
  3 Ice Fiends
  4 Hell Sentinels
  3 protean progenitors (Pan)
  5 balrugs (Pan)
  A shard shrike simulacrum (Coc:7)
  6 reapers (Pan)
  A very ugly thing (Pan)
  2 demonspawn corrupters (Pan)
  10 cacodemons (Pan)
  2 demonspawn blood saints (Pan)
  A wendigo (Coc:7)
  An eidolon (Crypt:3)
  A war gargoyle (Dis:7)
  2 blizzard demons (Pan)
  3 green deaths (Pan)
  An iron golem (Dis:7)
  Josephine (D:11)
  An ice dragon (Coc:7)
  A rakshasa (Abyss:2)
  2 caustic shrike simulacra (Coc:7)
  A jorogumo (Pan)
  A juggernaut simulacrum (Coc:4)
  2 hell beasts (Pan)
  A boulder beetle (Pan)
  2 satyrs (Pan)
  7 demonic crawlers (Pan)
  30 sun demons (Pan)
  10 soul eaters (Pan)
  9 sixfirhies (Pan)
  A skeletal warrior (Crypt:1)
  5 shadow demons (Pan)
  2 sun moths (Pan)
  11 large abominations (Pan)
  A mana viper (Pan)
  A spriggan simulacrum (Coc:7)
  An ugly thing (D:11)
  An alligator zombie (Crypt:3)
  A cyclops (D:11)
  A worldbinder (Abyss:3)
  21 smoke demons (Pan)
  A dire elephant zombie (Abyss:3)
  5 orange demons (Pan)
  2 eyes of devastation (Pan)
  A hellion (Pan)
  An efreet (Pan)
  A rime drake (D:11)
  A freezing wraith (Coc:6)
  An anaconda simulacrum (Coc:7)
  An ice devil (Pan)
  An iron giant simulacrum (Coc:7)
  2 hellwings (Pan)
  A glass eye (Pan)
  A raiju (Abyss:3)
  A shadow (Crypt:3)
  A wraith (Crypt:3)
  16 ynoxinuls (Pan)
  3 yaks (D:9)
  A wyvern (D:8)
  A golden eye (Pan)
  15 neqoxecs (Pan)
  14 chaos spawn (Pan)
  A hydra simulacrum (Coc:4)
  3 orc warriors
  3 small abominations (Abyss:3)
  A black bear (D:8)
  2 ogres (D:6)
  A lemure (D:6)
  A centaur (D:8)
  A kobold brigand (D:8)
  A weeping skull (Crypt:3)
  A bullfrog (D:7)
  A necrophage (D:5)
  A water moccasin zombie (D:5)
  5 wights
  4 killer bees
  2 howler monkeys
  A bombardier beetle (D:5)
  A centaur zombie (D:5)
  A gnoll bouda (D:8)
  3 orc priests
  2 orc wizards
  A hound zombie (D:5)
  2 gnolls (D:8)
  An adder (D:6)
  21 orcs
  3 kobolds
  An aspiring flesh (Pan)
313 creatures vanquished.

Vanquished Creatures (others)
  2 eldritch tentacles (Pan)
  A shard shrike simulacrum (Coc:3)
  A stoker (Geh:7)
  A sun demon (Pan)
  A human (Shoals:1)
  A creeping inferno (Geh:6)
  15 fulminant prisms
  A starspawn tentacle (Abyss:2)
  4 tentacles (Shoals:3)
27 creatures vanquished.

Grand Total: 4425 creatures vanquished

Notes
Turn   | Place    | Note
-------+----------+-------------------------------------------
     0 | D:1      | oldriver the Demonspawn Ice Elementalist began the quest
                  | for the Orb.
     0 | D:1      | Reached XP level 1. HP: 13/13 MP: 3/3
   178 | D:1      | Gained mutation: You have a pair of small antennae on your
                  | head. [demonic ancestry]
   178 | D:1      | Reached XP level 2. HP: 18/20 MP: 1/5
   454 | D:1      | Reached skill level 1 in Fighting
   587 | D:1      | Gained mutation: You sometimes gain a little power by
                  | taking damage. [demonic ancestry]
   587 | D:1      | Reached XP level 3. HP: 15/26 MP: 5/7
  1634 | D:2      | Gained mutation: You have a somewhat thin skeletal
                  | structure. (Dex +2, Stealth+) [demonic ancestry]
  1634 | D:2      | Reached XP level 4. HP: 32/32 MP: 6/8
  2645 | D:3      | Identified the +12 long sword of Dancing Extermination
                  | {freeze, Will+}
  2806 | D:3      | Gained mutation: You are partially covered in sharp spines.
                  | [demonic ancestry]
  2806 | D:3      | Reached XP level 5. HP: 38/38 MP: 7/10
  3416 | D:4      | Gained mutation: You have a moderately thin skeletal
                  | structure. (Dex +4, Stealth++) [demonic ancestry]
  3416 | D:4      | Reached XP level 6. HP: 30/46 MP: 12/12
  3575 | D:4      | Learned a level 3 spell: Frozen Ramparts
  3586 | D:4      | Learned a level 3 spell: Ozocubu's Armour
  3766 | D:4      | Found an opulent altar of Gozag.
  3877 | D:4      | Reached skill level 5 in Spellcasting
  3910 | D:4      | Found a staircase to the Ecumenical Temple.
  3922 | Temple   | Entered the Ecumenical Temple
  4056 | D:4      | Reached XP level 7. HP: 41/52 MP: 8/14
  4370 | D:4      | Became a worshipper of Gozag Ym Sagoz the Greedy
  4414 | D:5      | Entered Level 5 of the Dungeon
  4478 | D:5      | Learned a level 5 spell: Freezing Cloud
  4482 | D:5      | Learned a level 3 spell: Summon Ice Beast
  4494 | D:5      | Reached skill level 5 in Ice Magic
  5170 | D:5      | Found a basalt altar of Yredelemnul.
  5177 | D:5      | Reached XP level 8. HP: 60/61 MP: 17/17
  5216 | D:5      | Reached skill level 5 in Fighting
  5406 | D:5      | Found Atequuha's General Store.
  5526 | D:5      | Found a radiant altar of Vehumet.
  5529 | D:5      | Found an iron altar of Okawaru.
  5534 | D:5      | Found a snail-covered altar of Cheibriados.
  5850 | D:6      | Noticed Sigmund
  5857 | D:6      | Killed Sigmund
  5858 | D:6      | Reached skill level 1 in Summonings
  6254 | D:6      | Noticed Grinder
  6276 | D:6      | Killed Grinder
  6277 | D:6      | Reached XP level 9. HP: 64/68 MP: 11/21
  6349 | D:6      | Noticed Duvessa
  6355 | D:6      | Noticed Dowan
  6492 | D:6      | Noticed Pikel
  6511 | D:6      | Killed Pikel
  6512 | D:6      | Reached skill level 1 in Conjurations
  6549 | D:6      | Found a broken altar of Ashenzari.
  6550 | D:6      | Found a stormy altar of Qazlal.
  6550 | D:6      | Found an ancient bone altar of Kikubaaqudgha.
  7118 | D:7      | Reached skill level 1 in Air Magic
  7581 | D:7      | Found Loduaxt's Antique Armour Shop.
  7709 | D:7      | Bought a faintly glowing leather armour for 168 gold pieces
  7709 | D:7      | Identified the +2 leather armour of the Well-Known Curses
                  | {rElec rPois rC+ Slay-3} (You bought it in a shop on level
                  | 7 of the Dungeon)
  7904 | D:7      | Bought a runed hat for 168 gold pieces
  8162 | D:7      | Found a shadowy altar of Dithmenos.
  8438 | D:7      | Found a blossoming altar of Fedhas.
  8738 | D:8      | Reached XP level 10. HP: 63/74 MP: 14/23
  9950 | D:8      | Found a bloodstained altar of Trog.
 10568 | D:9      | Reached skill level 10 in Spellcasting
 10720 | D:9      | Noticed Erolcha
 11270 | D:9      | Gained mutation: You sometimes gain power by taking damage.
                  | [demonic ancestry]
 11270 | D:9      | Reached XP level 11. HP: 85/85 MP: 20/25
 11272 | D:9      | Reached skill level 5 in Conjurations
 11593 | D:9      | Killed Erolcha
 12165 | D:10     | Entered Level 10 of the Dungeon
 12662 | D:10     | Noticed a sea snake
 12780 | D:10     | Noticed a sea snake
 12781 | D:10     | Noticed a sea snake
 12822 | D:10     | Reached skill level 10 in Ice Magic
 13036 | D:11     | Noticed a cyan ugly thing
 13052 | D:10     | Learned a level 2 spell: Searing Ray
 13061 | D:11     | Noticed Urug
 13061 | D:11     | Noticed a boulder beetle
 13062 | D:11     | Noticed a two-headed ogre
 13223 | D:11     | Killed a boulder beetle
 13540 | D:11     | Killed Urug
 13623 | D:11     | Killed a cyan ugly thing
 13760 | D:11     | Killed a two-headed ogre
 13894 | D:11     | Found a staircase to the Lair.
 13916 | D:11     | Learned a level 4 spell: Olgreb's Toxic Radiance
 14287 | D:11     | Noticed Josephine
 14290 | D:11     | Reached skill level 1 in Alchemy
 14561 | D:12     | Reached XP level 12. HP: 50/89 MP: 23/26
 14717 | D:12     | Found Abomur's Fire Supplies.
 15009 | D:12     | Noticed a two-headed ogre
 15220 | D:11     | Killed Josephine
 15301 | D:11     | Learned a level 5 spell: Irradiate
 15589 | D:12     | Killed a two-headed ogre
 15761 | D:12     | Noticed a two-headed ogre
 15932 | D:12     | Found a sparkling altar of Nemelex Xobeh.
 16152 | D:12     | Noticed an eight-headed hydra
 16192 | D:12     | Killed an eight-headed hydra
 16475 | D:12     | Found a staircase to the Orcish Mines.
 16528 | D:12     | Killed a two-headed ogre
 16686 | D:12     | Noticed Gastronok
 16708 | D:12     | Killed Gastronok
 16788 | D:12     | Noticed a centaur warrior
 16794 | D:12     | Killed a centaur warrior
 17082 | D:12     | Bought a +0 hat of fire resistance for 132 gold pieces
 17095 | D:12     | Identified a scroll of acquirement
 17095 | D:12     | Acquired a ring of magical power
 17180 | Lair:1   | Entered Level 1 of the Lair of Beasts
 18177 | Lair:2   | Gained mutation: You have a pair of antennae on your head.
                  | [demonic ancestry]
 18177 | Lair:2   | Reached XP level 13. HP: 98/98 MP: 23/28
 19364 | Lair:2   | Found a staircase to the Shoals.
 19784 | Lair:2   | Reached skill level 5 in Alchemy
 22368 | Lair:3   | Found a staircase to the Snake Pit.
 22752 | Lair:3   | Learned a level 7 spell: Ozocubu's Refrigeration
 23242 | Lair:4   | Found a staircase to the Slime Pits.
 23547 | Lair:4   | Acquired the +0 pair of boots of Free Will {rN+ SInv}
 23565 | Lair:4   | Acquired a book of Ice
 23577 | Lair:4   | Acquired the ring of Daisies {rF+ Int+5 Dex+3}
 23596 | Lair:5   | Entered Level 5 of the Lair of Beasts
 23657 | Lair:5   | Reached XP level 14. HP: 106/106 MP: 6/30
 23736 | Lair:5   | Acquired the amulet of Cis Rysm {Reflect Dex+3 Slay+3 SH+5}
 23937 | Lair:5   | Found a dark tunnel.
 23948 | Volcano  | Entered a volcano
 24732 | Volcano  | Found a radiant altar of Vehumet.
 27522 | Lair:5   | Reached skill level 1 in Armour
 27981 | Lair:5   | Identified the +2 plate armour "Reerph" {rN+++ rCorr Dex-4}
 29236 | Orc:1    | Entered Level 1 of the Orcish Mines
 29478 | Orc:1    | Reached skill level 5 in Stealth
 30199 | Orc:2    | Entered Level 2 of the Orcish Mines
 31319 | Orc:2    | Reached skill level 10 in Fighting
 31469 | Orc:2    | Reached skill level 1 in Shields
 31860 | Orc:2    | Reached XP level 15. HP: 115/115 MP: 23/32
 32049 | Orc:2    | Noticed Donald
 32056 | Orc:2    | Killed Donald
 32331 | Orc:2    | Reached skill level 5 in Dodging
 32444 | Orc:2    | Found a staircase to the Elven Halls.
 32734 | Orc:2    | Found Duseff's Book Boutique.
 33102 | Orc:2    | Found Kedaer's Jewellery Shoppe.
 33104 | Orc:2    | Found Esagauri's Jewellery Shoppe.
 33141 | Orc:2    | Found Dysen's Book Shoppe.
 33440 | Orc:1    | Reached skill level 15 in Ice Magic
 33489 | Orc:1    | Found a burning altar of Makhleb.
 33640 | D:13     | Found a blossoming altar of Fedhas.
 34393 | D:14     | Found a blossoming altar of Fedhas.
 34942 | D:14     | Found a gate to the Vaults.
 35395 | D:14     | Reached skill level 5 in Shields
 35936 | D:15     | Entered Level 15 of the Dungeon
 35969 | D:15     | Learned a level 4 spell: Fulminant Prism
 36139 | D:15     | Identified the +0 pair of boots of the Bagpipe {Rampage
                  | *Corrode Will+ Int+8}
 36239 | D:15     | Found a staircase to the Depths.
 36306 | D:15     | Reached XP level 16. HP: 104/125 MP: 34/34
 37440 | Snake:1  | Entered Level 1 of the Snake Pit
 37485 | Snake:1  | Found Fopuuwitz's Armour Emporium.
 37494 | Snake:1  | Bought a +2 pair of gloves of infusion for 236 gold pieces
 37511 | Snake:1  | Bought a scroll of teleportation for 108 gold pieces
 37970 | Snake:1  | Bought a +0 cloak of stealth for 172 gold pieces
 38288 | D:5      | Bought the staff of Kuithrich {rN+ rCorr Necro} for 413
                  | gold pieces
 38288 | D:5      | Bought a scroll of teleportation for 33 gold pieces
 38288 | D:5      | Bought a scroll of identify for 22 gold pieces
 38893 | Snake:1  | Found Cafiymeph's Jewellery Shop.
 38894 | Snake:1  | Found Jefuk's Book Emporium.
 38894 | Snake:1  | Found Siaxtu's Book Emporium.
 38902 | Snake:1  | Bought the ring "Udirghud" {rElec rPois rF- Will+ SInv} for
                  | 540 gold pieces
 40118 | Snake:1  | Bought the +1 robe of Discretion {Int+5 Archmagi} for 558
                  | gold pieces
 40268 | Snake:2  | Found Raidesm's Armour Emporium.
 40276 | Snake:2  | Bought the +1 pair of gloves of the Guava {rElec rPois} for
                  | 443 gold pieces
 40638 | Snake:2  | Found Wonash's Magic Scroll Emporium.
 40640 | Snake:2  | Found Megohev's Armour Shoppe.
 40642 | Snake:2  | Found Giqahaum's Antique Armour Emporium.
 40645 | Snake:2  | Reached skill level 15 in Spellcasting
 40670 | Snake:2  | Bought a scroll of acquirement for 832 gold pieces
 40670 | Snake:2  | Acquired the amulet "Wuesuc" {Regen+ Str+3 Int+4}
 42437 | Snake:3  | Gained mutation: You have a pair of large antennae on your
                  | head. (SInv) [demonic ancestry]
 42437 | Snake:3  | Reached XP level 17. HP: 108/135 MP: 27/36
 42837 | Snake:3  | Found Quomicona's Book Boutique.
 43144 | Snake:4  | Entered Level 4 of the Snake Pit
 44158 | Snake:4  | Noticed a quicksilver dragon
 44380 | Snake:4  | Killed a quicksilver dragon
 44551 | Snake:4  | Got a serpentine rune of Zot
 44969 | Shoals:1 | Entered Level 1 of the Shoals
 45101 | Shoals:1 | Found Nuvo's Assorted Antiques.
 45109 | Shoals:1 | Bought a coiled brass amulet for 155 gold pieces
 45109 | Shoals:1 | Identified the amulet of Wishful Thinking {rN+ Regen+} (You
                  | bought it in a shop on level 1 of the Shoals)
 45109 | Shoals:1 | Bought a scroll of revelation for 232 gold pieces
 45109 | Shoals:1 | Bought a potion of curing for 93 gold pieces
 45658 | Shoals:1 | Noticed Kirke
 45660 | Shoals:1 | Killed Kirke
 45729 | Shoals:1 | Identified the +5 quarterstaff "Suogez" {heavy, rElec rPois
                  | Int-2 Dex+3}
 46680 | Shoals:2 | Found Tivuqesm's Distillery.
 46688 | Shoals:2 | Bought 2 potions of heal wounds for 180 gold pieces
 46688 | Shoals:2 | Bought a potion of heal wounds for 90 gold pieces
 46742 | Shoals:1 | Identified the serpent talisman of Wimas {rC- Str+3 Dex+6}
 46742 | Shoals:1 | Noticed Aizul
 46746 | Shoals:1 | Killed Aizul
 47022 | Shoals:1 | Noticed Mlioglotl
 47029 | Shoals:1 | Killed Mlioglotl
 47336 | Shoals:3 | Found a transporter.
 47337 | Shoals:3 | Found a transporter.
 47483 | Shoals:3 | Found a transporter.
 47486 | Shoals:3 | Found a transporter.
 47507 | Shoals:3 | Found Zec Opla's Jewellery Shoppe.
 47513 | Shoals:3 | Bought the ring "Xizomibo" {rElec MP+9 AC+4} for 895 gold
                  | pieces
 47594 | Shoals:3 | Gained mutation: You have an unnaturally thin skeletal
                  | structure. (Dex +6, Stealth+++) [demonic ancestry]
 47594 | Shoals:3 | Reached XP level 18. HP: 145/145 MP: 27/38
 47785 | Shoals:3 | Found a transporter.
 47811 | Shoals:3 | Found a transporter.
 48260 | Shoals:4 | Entered Level 4 of the Shoals
 49174 | Shoals:4 | Got a barnacled rune of Zot
 49975 | Shoals:4 | Identified the amulet of Noon {Regen+ SInv}
 50331 | Elf:1    | Entered Level 1 of the Elven Halls
 50739 | Elf:1    | Got the Parchment of Gloom
 52305 | Elf:2    | Found a runed translucent gate.
 52306 | Elf:2    | Found a runed translucent gate.
 52306 | Elf:2    | Found a runed translucent gate.
 52436 | Elf:2    | Reached XP level 19. HP: 153/153 MP: 40/40
 52650 | Elf:3    | Entered Level 3 of the Elven Halls
 52846 | Elf:3    | Learned a level 9 spell: Polar Vortex
 53940 | Elf:3    | Reached skill level 15 in Fighting
 54285 | Elf:3    | Identified the +6 morningstar of Honesty {flame, rPois rC+
                  | Str+3 SInv}
 54447 | Elf:3    | Identified the +1 leather armour "Qake" {rF+ Will+ Stlth+}
 54677 | Elf:3    | Identified the +2 long sword of Cataclysm {spect, *Noise
                  | rPois rCorr Dex+3}
 54956 | Elf:3    | Got the Essays on Bewitching Hoarfrost
 54979 | Elf:3    | Got the Compendium of the Summer
 55092 | Elf:3    | Identified the +2 leather armour of Iwees {rCorr}
 55189 | Elf:3    | Bought the amulet of Laes Him {RegenMP Fly Str+2 Int+3
                  | Dex-3} for 822 gold pieces
 55635 | Vaults:1 | Entered Level 1 of the Vaults
 55648 | Vaults:1 | Reached skill level 10 in Dodging
 56580 | Vaults:1 | Identified the +1 pair of boots of Wajas {Regen+ Dex+2}
 57281 | Vaults:1 | Found Sosmik's Book Shoppe.
 57312 | Vaults:1 | Reached XP level 20. HP: 134/162 MP: 24/43
 58036 | Vaults:1 | Identified the +8 long sword of Guilt {heavy, Will+}
 58659 | Vaults:2 | Identified the +1 spear of Cocytus {spect, rPois}
 58676 | Vaults:2 | Identified the ring "Yhiuc" {*Slow rElec rF+ Dex+5}
 58678 | Vaults:2 | Identified the +1 ring mail of Feefeim {rC+ Str+2 SInv}
 58901 | Vaults:2 | Found a staircase to the Crypt.
 58901 | Vaults:2 | Found a basalt altar of Yredelemnul.
 58901 | Vaults:2 | Found an ancient bone altar of Kikubaaqudgha.
 59798 | Vaults:2 | Reached skill level 10 in Conjurations
 60638 | Vaults:3 | Reached skill level 1 in Evocations
 60933 | Vaults:3 | Identified the +6 flail of the Bruised Ships {speed, Dex+4
                  | SInv}
 61820 | Vaults:3 | Noticed Nikola
 61824 | Vaults:3 | Killed Nikola
 61924 | Vaults:3 | Found Zoir's Distillery.
 63007 | Snake:1  | Bought a manual of Alchemy for 1440 gold pieces
 63439 | Vaults:4 | Gained mutation: You are powered by pain. [demonic
                  | ancestry]
 63439 | Vaults:4 | Reached XP level 21. HP: 170/170 MP: 45/45
 65447 | Depths:1 | Entered Level 1 of the Depths
 65792 | Depths:1 | Reached skill level 5 in Evocations
 66153 | Depths:1 | Found a gateway to Hell.
 66959 | Snake:1  | Bought a book of Dangerous Friends for 462 gold pieces
 66967 | Snake:1  | Learned a level 7 spell: Orb of Destruction
 66975 | Snake:1  | Learned a level 7 spell: Spellforged Servitor
 67234 | Depths:2 | Noticed Vv
 67240 | Depths:2 | Killed Vv
 67468 | Depths:2 | Found a one-way gateway to a ziggurat.
 67620 | Depths:2 | Found a one-way gate leading to the halls of Pandemonium.
 67648 | Depths:2 | Noticed Grunn
 67911 | Depths:2 | Killed Grunn
 68199 | Depths:2 | Found a one-way gate to the infinite horrors of the Abyss.
 68394 | Depths:2 | Noticed a juggernaut
 68399 | Depths:2 | Killed a juggernaut
 69977 | Depths:2 | Identified the ring "Quyreerr" {Fire rPois Int+2 Dex+4}
 70320 | Depths:3 | Noticed a juggernaut
 70498 | Depths:3 | Gained mutation: Your presence sometimes corrodes those you
                  | injure. [demonic ancestry]
 70498 | Depths:3 | Reached XP level 22. HP: 180/180 MP: 19/47
 70663 | Depths:3 | Identified the +10 quarterstaff of the Dungeon {speed,
                  | rCorr Str+2 Dex-5}
 71244 | Depths:3 | Noticed a caustic shrike
 71250 | Depths:3 | Killed a caustic shrike
 71902 | Depths:3 | Killed a juggernaut
 72023 | Depths:3 | Identified the +4 ring mail "Xivatop" {rF++}
 72393 | Depths:4 | Entered Level 4 of the Depths
 72742 | Depths:4 | Found Afel's Magic Scroll Shoppe.
 72747 | Depths:4 | Bought a scroll of teleportation for 63 gold pieces
 72747 | Depths:4 | Bought a scroll of fog for 84 gold pieces
 72886 | Depths:4 | Found Jeli's General Store.
 72910 | Depths:4 | Noticed a juggernaut
 72924 | Depths:4 | Killed a juggernaut
 73825 | Depths:4 | Found a gate to the Realm of Zot.
 74353 | Depths:4 | Found Jotimoffy's Antique Armour Shoppe.
 74362 | Depths:4 | Bought an embroidered scarf for 368 gold pieces
 74393 | Depths:4 | Found Gesmeof's Antique Weapon Emporium.
 74406 | Depths:4 | Found Voduoss's Book Shoppe.
 74443 | Depths:4 | Bought a manual of Stealth for 1760 gold pieces
 74625 | Depths:4 | Found a radiant altar of Vehumet.
 75029 | Crypt:1  | Entered Level 1 of the Crypt
 75273 | Vaults:5 | Entered Level 5 of the Vaults
 75308 | Vaults:5 | Reached skill level 15 in Conjurations
 75343 | Vaults:5 | Gained mutation: You are mostly covered in sharp spines.
                  | [demonic ancestry]
 75343 | Vaults:5 | Reached XP level 23. HP: 187/187 MP: 13/48
 75775 | Vaults:5 | Noticed a dread lich
 75782 | Vaults:5 | Reached skill level 10 in Stealth
 75783 | Vaults:5 | Killed a dread lich
 76372 | Vaults:5 | Got Qaniag's Precepts of Cinders and Mud
 76400 | Vaults:5 | Noticed an ancient lich
 76406 | Vaults:5 | Killed an ancient lich
 77054 | Vaults:5 | Reached skill level 15 in Dodging
 78072 | Vaults:5 | Got the Grimoire of Mustering
 78233 | Vaults:5 | Noticed an ancient lich
 78241 | Vaults:5 | Killed an ancient lich
 78541 | Vaults:5 | Identified the +6 dagger "Uvunoym" {freeze, rPois rF-
                  | Int+2}
 78660 | Vaults:5 | Got a silver rune of Zot
 78675 | Vaults:5 | Identified the +2 scale mail of the Bulwark {Slay+3 SInv}
 79170 | Zot:1    | Entered Level 1 of the Realm of Zot
 79420 | Zot:1    | Identified the +1 great sword of Cruel Justice {spect,
                  | rElec rCorr}
 80655 | Zot:1    | Reached skill level 15 in Stealth
 81172 | Zot:2    | Noticed a curse toe
 81224 | Zot:1    | Killed a curse toe
 81480 | Zot:2    | Noticed a curse toe
 81481 | Zot:2    | Killed a curse toe
 81482 | Zot:2    | Reached XP level 24. HP: 136/195 MP: 32/48
 85168 | Zot:4    | Noticed a Killer Klown
 85172 | Zot:4    | Killed a Killer Klown
 85340 | Zot:4    | Noticed a Killer Klown
 85346 | Zot:4    | Killed a Killer Klown
 86261 | Zot:5    | Entered Level 5 of the Realm of Zot
 87083 | Zot:5    | Noticed an orb of fire
 87091 | Zot:5    | Gained mutation: Your flesh is heat resistant. (rF+) [an
                  | orb of fire]
 87092 | Zot:5    | Gained mutation: You are dopey. (Int -2) [an orb of fire]
 87095 | Zot:5    | Gained mutation: You are clumsy. (Dex -2) [an orb of fire]
 87096 | Zot:5    | Killed an orb of fire
 87201 | Zot:4    | Lost mutation: Your flesh is heat resistant. (rF+) [potion
                  | of mutation]
 87201 | Zot:4    | Lost mutation: You are dopey. (Int -2) [potion of mutation]
 87201 | Zot:4    | Gained mutation: Armour fits poorly on your strangely
                  | shaped body. [potion of mutation]
 87201 | Zot:4    | Gained mutation: Your magical capacity is low. (-10% MP)
                  | [potion of mutation]
 87201 | Zot:4    | Gained mutation: You expend magic power (3 MP) to
                  | strengthen your wands. [potion of mutation]
 87202 | Zot:4    | Lost mutation: You are clumsy. (Dex -2) [potion of
                  | mutation]
 87202 | Zot:4    | Lost mutation: Armour fits poorly on your strangely shaped
                  | body. [potion of mutation]
 87202 | Zot:4    | Gained mutation: You are frail. (-10% HP) [potion of
                  | mutation]
 87202 | Zot:4    | Gained mutation: Your spells are a little easier to cast,
                  | but a little less powerful. [potion of mutation]
 87202 | Zot:4    | Gained mutation: Your skin changes colour to match your
                  | surroundings (Stealth+). [potion of mutation]
 87202 | Zot:4    | Gained mutation: You are resistant to electric shocks.
                  | (rElec) [potion of mutation]
 87203 | Zot:4    | Lost mutation: You are frail. (-10% HP) [potion of
                  | mutation]
 87203 | Zot:4    | Lost mutation: Your skin changes colour to match your
                  | surroundings (Stealth+). [potion of mutation]
 87203 | Zot:4    | Gained mutation: You are occasionally teleported next to
                  | monsters. [potion of mutation]
 87203 | Zot:4    | Gained mutation: You passively map a small area around you.
                  | [potion of mutation]
 87203 | Zot:4    | Gained mutation: You are somewhat resistant to further
                  | mutation. [potion of mutation]
 87204 | Zot:4    | Lost mutation: You are resistant to electric shocks.
                  | (rElec) [potion of mutation]
 87204 | Zot:4    | Lost mutation: You are occasionally teleported next to
                  | monsters. [potion of mutation]
 87204 | Zot:4    | Lost mutation: You are somewhat resistant to further
                  | mutation. [potion of mutation]
 87204 | Zot:4    | Gained mutation: You have sharp toenails. [potion of
                  | mutation]
 87205 | Zot:4    | Lost mutation: You passively map a small area around you.
                  | [potion of mutation]
 87205 | Zot:4    | Lost mutation: You have sharp toenails. [potion of
                  | mutation]
 87205 | Zot:4    | Gained mutation: Your health recovers twice as slowly from
                  | being drained. [potion of mutation]
 87205 | Zot:4    | Lost mutation: Your spells are a little easier to cast, but
                  | a little less powerful. [potion of mutation]
 87205 | Zot:4    | Gained mutation: You have large cloven feet. [potion of
                  | mutation]
 87489 | Vaults:3 | Bought a potion of mutation for 152 gold pieces
 87489 | Vaults:3 | Lost mutation: Your health recovers twice as slowly from
                  | being drained. [potion of mutation]
 87489 | Vaults:3 | Lost mutation: You have large cloven feet. [potion of
                  | mutation]
 87489 | Vaults:3 | Lost mutation: Your magical capacity is low. (-10% MP)
                  | [potion of mutation]
 87489 | Vaults:3 | Gained mutation: You have very sharp teeth. [potion of
                  | mutation]
 87489 | Vaults:3 | Gained mutation: Your body sometimes deteriorates upon
                  | taking damage. [potion of mutation]
 87489 | Vaults:3 | Gained mutation: Your spells are a little easier to cast,
                  | but a little less powerful. [potion of mutation]
 87641 | Hell     | Entered the Vestibule of Hell
 87641 | Hell     | Noticed Geryon
 87648 | Hell     | Killed Geryon
 87649 | Hell     | Gained mutation: You are completely covered in sharp
                  | spines. [demonic ancestry]
 87649 | Hell     | Reached XP level 25. HP: 190/206 MP: 12/49
 88451 | Zot:5    | Noticed a Killer Klown
 88481 | Zot:5    | Killed a Killer Klown
 88647 | Zot:5    | Noticed a Killer Klown
 88648 | Zot:5    | Noticed a Killer Klown
 88657 | Zot:5    | Killed a Killer Klown
 88671 | Zot:5    | Killed a Killer Klown
 89384 | Zot:5    | Noticed a Killer Klown
 89416 | Zot:5    | Killed a Killer Klown
 89647 | Zot:5    | Noticed a Killer Klown
 89652 | Zot:5    | Killed a Killer Klown
 89751 | Zot:5    | Noticed a Killer Klown
 89759 | Zot:5    | Killed a Killer Klown
 89850 | Zot:5    | Noticed an orb of fire
 89854 | Zot:5    | Killed an orb of fire
 89918 | Zot:5    | Noticed a Killer Klown
 89934 | Zot:5    | Killed a Killer Klown
 90346 | Zot:5    | Noticed an orb of fire
 90349 | Zot:5    | Gained mutation: You sometimes lose your temper in combat.
                  | [an orb of fire]
 90353 | Zot:5    | Killed an orb of fire
 91079 | Snake:3  | Bought a book of Annihilations for 720 gold pieces
 91365 | Vaults:1 | Learned a level 6 spell: Bombard
 91459 | Vaults:1 | Bought a manual of Earth Magic for 1440 gold pieces
 91886 | Crypt:1  | Reached skill level 1 in Earth Magic
 93608 | Crypt:1  | Reached skill level 5 in Earth Magic
 94919 | Crypt:2  | Found an ancient bone altar of Kikubaaqudgha.
 95039 | Crypt:2  | Found a runed translucent door.
 95040 | Crypt:2  | Noticed Uferhotu's ghost (veteran MiGl)
 95094 | Crypt:2  | Reached skill level 10 in Earth Magic
 95674 | Crypt:3  | Entered Level 3 of the Crypt
 95679 | Crypt:3  | Gained mutation: Your presence sometimes corrodes or
                  | deforms those you injure. [demonic ancestry]
 95679 | Crypt:3  | Reached XP level 26. HP: 218/218 MP: 35/50
 96508 | Crypt:3  | Learned a level 8 spell: Lehudib's Crystal Spear
 96673 | Crypt:3  | Found a basalt altar of Yredelemnul.
 97263 | Crypt:3  | Identified the staff of Capital Punishment {rN+ Dex+4
                  | Necro}
 97350 | Crypt:3  | Identified the +4 halberd of Starshine {holy, Stlth+}
 97353 | Crypt:3  | Identified the staff of Wrongful Imprisonment {Fly rElec
                  | Dex+3 Stlth- Air}
 98003 | Crypt:3  | Found an ancient bone altar of Kikubaaqudgha.
 98073 | Crypt:3  | Found a staircase to the Tomb.
 98520 | Crypt:2  | Killed Uferhotu's ghost
 98532 | Crypt:2  | Identified the +0 ice dragon scales "Tiaren" {rF- rC++
                  | Int+2}
 98820 | Depths:1 | Bought the ring "Gymeopn" {rElec rF+ rCorr Str+2 Int+6} for
                  | 1135 gold pieces
 99383 | Hell     | Found a gateway to the Iron City of Dis.
 99768 | Hell     | Found a gateway to the decaying netherworld of Tartarus.
 99851 | Hell     | Found a gateway to the freezing wastes of Cocytus.
100014 | Hell     | Found a gateway to the ashen valley of Gehenna.
101043 | Slime:1  | Entered Level 1 of the Pits of Slime
103266 | Slime:5  | Entered Level 5 of the Pits of Slime
103813 | Slime:4  | Found a viscous altar of Jiyva.
104028 | Slime:5  | Noticed the Royal Jelly
104041 | Slime:5  | Killed the Royal Jelly
104045 | Slime:5  | Gained mutation: Your magical capacity is low. (-10% MP) [a
                  | shining eye]
104463 | Slime:5  | Gained mutation: You can speak a Word of Chaos. [demonic
                  | ancestry]
104463 | Slime:5  | Reached XP level 27. HP: 229/229 MP: 22/45
104907 | Slime:5  | Identified the +3 great mace of Vengeance {heavy, ^Contam
                  | rElec rN++ Dex+2}
104912 | Slime:5  | Identified the +6 dire flail "Tukeh" {freeze, rF+ rN+ rCorr
                  | Dex-3}
104913 | Slime:5  | Identified the amulet "Jihorit" {Faith rF+ Int+3}
104921 | Slime:5  | Got a slimy rune of Zot
104926 | Slime:5  | Identified the +8 dagger of Fili {vamp, Str+4}
105278 | Slime:5  | Lost mutation: You expend magic power (3 MP) to strengthen
                  | your wands. [potion of mutation]
105278 | Slime:5  | Lost mutation: Your magical capacity is low. (-10% MP)
                  | [potion of mutation]
105278 | Slime:5  | Gained mutation: You have large cloven feet. [potion of
                  | mutation]
105278 | Slime:5  | Gained mutation: You are robust. (+10% HP) [potion of
                  | mutation]
105549 | Slime:5  | Learned a level 9 spell: Shatter
105898 | Geh:1    | Entered Level 1 of Gehenna
106599 | Geh:2    | Reached skill level 15 in Earth Magic
106900 | Geh:2    | You are sucked into a shaft and drop 2 floors!
108311 | Geh:5    | Found a corrupted altar of Lugonu.
109325 | Geh:7    | Entered Level 7 of Gehenna
110577 | Geh:7    | Identified the staff of the Poles {^Drain rPois Will+
                  | Str+10 Stlth- Alchemy}
110577 | Geh:7    | Identified the ring "Xacke" {EV+5 Dex+5}
110774 | Geh:7    | Identified the +3 dagger "Votut" {protect, rF+ rCorr}
110865 | Geh:7    | Found the +13 sceptre of Asmodeus
110865 | Geh:7    | Noticed Asmodeus
110995 | Geh:7    | Identified the staff "Bung" {rCorr Dex-3 Conj Alchemy}
111387 | Geh:7    | Identified the staff of the Doomed Warrior {rF+ Necro Fire}
111434 | Geh:7    | Killed Asmodeus
111654 | Geh:7    | Identified the ring of Suyloniu {Wiz ^Contam rF+ rC+ rN++}
111656 | Geh:7    | Got an obsidian rune of Zot
112462 | Dis:1    | Entered Level 1 of the Iron City of Dis
114708 | Dis:7    | Entered Level 7 of the Iron City of Dis
117477 | Dis:7    | Identified the +0 plate armour of Skepticism {Rampage +Inv
                  | rPois Int+8}
117479 | Dis:7    | Noticed Dispater
117500 | Dis:7    | Killed Dispater
118011 | Dis:7    | Got an iron rune of Zot
118889 | Dis:7    | Got the Vellum of Allies
119291 | Coc:1    | Entered Level 1 of Cocytus
119300 | Coc:1    | Reached skill level 1 in Shapeshifting
120573 | Coc:3    | Reached skill level 5 in Shapeshifting
121754 | Coc:5    | Reached skill level 10 in Shapeshifting
122603 | Coc:7    | Entered Level 7 of Cocytus
124301 | Coc:7    | Paralysed by a wendigo for 1 turns
124720 | Coc:7    | Paralysed by a wendigo for 1 turns
125385 | Coc:7    | Paralysed by a wendigo for 1 turns
125670 | Coc:7    | Identified the ring "Cisuiff" {*Slow rC+ rN+ Int+2}
125670 | Coc:7    | Noticed Antaeus
125693 | Coc:7    | Killed Antaeus
126049 | Coc:7    | Reached skill level 15 in Shapeshifting
126118 | Coc:7    | Got an icy rune of Zot
126529 | Pan      | Entered Pandemonium
127056 | Pan      | Noticed Vifu the pandemonium lord
127059 | Pan      | Killed Vifu the pandemonium lord
129804 | Pan      | Entered the realm of Mnoleg.
131803 | Pan      | Gained mutation: You are dopey. (Int -2) [a cacodemon]
132014 | Pan      | Gained mutation: You have hidden genetic defects. [a
                  | neqoxec]
132240 | Pan      | Gained mutation: You are weak. (Str -2) [a cacodemon]
132257 | Pan      | Lost mutation: You are dopey. (Int -2) [potion of mutation]
132257 | Pan      | Lost mutation: You are weak. (Str -2) [potion of mutation]
132257 | Pan      | Lost mutation: Your spells are a little easier to cast, but
                  | a little less powerful. [potion of mutation]
132257 | Pan      | Gained mutation: You are very robust. (+20% HP) [potion of
                  | mutation]
132257 | Pan      | Gained mutation: Your system is resistant to poisons.
                  | (rPois) [potion of mutation]
132259 | Pan      | Lost mutation: Your body sometimes deteriorates upon taking
                  | damage. [potion of mutation]
132259 | Pan      | Lost mutation: You have large cloven feet. [potion of
                  | mutation]
132259 | Pan      | Lost mutation: Your system is resistant to poisons. (rPois)
                  | [potion of mutation]
132259 | Pan      | Gained mutation: Your mind is acute. (Int +4, Str/Dex -1)
                  | [potion of mutation]
132259 | Pan      | Lost mutation: You sometimes lose your temper in combat.
                  | [potion of mutation]
132673 | Pan      | Gained mutation: Your magical capacity is low. (-10% MP) [a
                  | cacodemon]
133078 | Pan      | Reached skill level 27 in Spellcasting
133082 | Pan      | Noticed Mnoleg
133099 | Pan      | Killed Mnoleg
133289 | Pan      | Lost mutation: You are very robust. (+20% HP) [a cacodemon]
133539 | Pan      | Gained mutation: You are occasionally teleported next to
                  | monsters. [hidden defects]
133809 | Pan      | Got a glowing rune of Zot
133907 | Pan      | Gained mutation: Armour fits poorly on your strangely
                  | shaped body. [a cacodemon]
133951 | Pan      | Gained mutation: Your spells are a little easier to cast,
                  | but a little less powerful. [a cacodemon]
133952 | Pan      | Lost mutation: You are robust. (+10% HP) [a cacodemon]
134595 | Pan      | Found an exit through the horrors of the Abyss.
134649 | Pan      | Lost mutation: You are occasionally teleported next to
                  | monsters. [potion of mutation]
134649 | Pan      | Lost mutation: Your spells are a little easier to cast, but
                  | a little less powerful. [potion of mutation]
134649 | Pan      | Gained mutation: Your natural rate of healing is unusually
                  | fast. [potion of mutation]
134649 | Pan      | Gained mutation: Your spells are a little harder to cast,
                  | but a little more powerful. [potion of mutation]
134649 | Pan      | Gained mutation: Your spells are harder to cast, but more
                  | powerful. [potion of mutation]
134844 | Pan      | Gained mutation: You sometimes lose your temper in combat.
                  | [a cacodemon]
134930 | Pan      | Identified the amulet "Leruo" {Reflect -Tele Str+8 SH+5}
135308 | Pan      | Found a huge runed translucent gate.
135308 | Pan      | Found a huge runed translucent gate.
135311 | Pan      | Found a huge runed translucent gate.
135312 | Pan      | Found a huge runed translucent gate.
135313 | Pan      | Found a huge runed translucent gate.
135313 | Pan      | Found a huge runed translucent gate.
135313 | Pan      | Found a huge runed translucent gate.
135313 | Pan      | Found a huge runed translucent gate.
135315 | Pan      | Found a huge runed translucent gate.
135315 | Pan      | Found a huge runed translucent gate.
135315 | Pan      | Found a huge runed translucent gate.
135315 | Pan      | Found a huge runed translucent gate.
135315 | Pan      | Found a huge runed translucent gate.
135316 | Pan      | Found a huge runed translucent gate.
135316 | Pan      | Found a huge runed translucent gate.
135333 | Pan      | Found a huge runed translucent gate.
135333 | Pan      | Found a huge runed translucent gate.
135491 | Pan      | Lost mutation: Your spells are harder to cast, but more
                  | powerful. [hidden defects]
135491 | Pan      | Lost mutation: You have hidden genetic defects. [hidden
                  | defects expressed]
135960 | Pan      | Noticed Bibol the pandemonium lord
136022 | Pan      | Killed Bibol the pandemonium lord
138599 | Pan      | Found an exit through the horrors of the Abyss.
138642 | Pan      | Noticed Ynycuu the pandemonium lord
138652 | Pan      | Killed Ynycuu the pandemonium lord
139674 | Pan      | Identified the +4 rapier of Cauppew {flame, Dex+4}
142610 | Pan      | Noticed Xeexzoli the pandemonium lord
142619 | Pan      | Killed Xeexzoli the pandemonium lord
145793 | Pan      | Noticed Rauc the pandemonium lord
145795 | Pan      | Killed Rauc the pandemonium lord
147885 | Pan      | Entered the realm of Cerebov.
148067 | Pan      | Found the +6 sword of Cerebov {flame}
148067 | Pan      | Noticed Cerebov
148082 | Pan      | Killed Cerebov
148569 | Pan      | Identified the +3 war axe of Eternal War {speed, Int+3
                  | Dex+6}
149078 | Pan      | Found an exit through the horrors of the Abyss.
149658 | Pan      | Identified the +4 rapier "Weipum" {spect, Int+4}
149773 | Pan      | Identified the +5 great mace of Karma {venom, rC+ rCorr
                  | Dex+3}
149773 | Pan      | Identified the amulet "Kiydwun" {RegenMP Dex+3}
150552 | Pan      | Identified the staff "Qidu" {rPois rF+ Int-2 Dex-5 Stlth+
                  | Fire}
150703 | Pan      | Identified the +5 sling of the Spinneret {drain, rPois
                  | Will+ Int+8 Stlth-}
150744 | Pan      | Got a fiery rune of Zot
150914 | Pan      | Took an exit into the Abyss.
150914 | Abyss:1  | Escaped into the Abyss
151018 | Abyss:3  | Found a hazy altar of Hepliaklqana.
151185 | Abyss:3  | Gained mutation: Your magical capacity is very low. (-20%
                  | MP) [a neqoxec]
151193 | Abyss:3  | Got an abyssal rune of Zot
151267 | Abyss:3  | Noticed a dread lich
151270 | Depths:2 | Escaped the Abyss
151374 | Pan      | Entered Pandemonium
151621 | Pan      | Noticed Qanos the pandemonium lord
151627 | Pan      | Killed Qanos the pandemonium lord
151655 | Pan      | Gained mutation: Your magical capacity is extremely low.
                  | (-30% MP) [a neqoxec]
151657 | Pan      | Reached skill level 27 in Fighting
152089 | Pan      | Noticed Mennas
152119 | Pan      | Killed Mennas
153648 | Pan      | Lost mutation: Your mind is acute. (Int +4, Str/Dex -1) [a
                  | neqoxec]
154554 | Pan      | Gained mutation: Your spells are harder to cast, but more
                  | powerful. [a neqoxec]
154821 | Pan      | Noticed Ybruskir the pandemonium lord
154848 | Pan      | Gained mutation: You are dopey. (Int -2) [a neqoxec]
154860 | Pan      | Killed Ybruskir the pandemonium lord
156305 | Pan      | Reached skill level 10 in Shields
156548 | Pan      | Got a demonic rune of Zot
159072 | Pan      | Gained mutation: You are very dopey. (Int -4) [a neqoxec]
159597 | Pan      | Identified the +2 lajatang of Woskan {protect, Int+5 Dex-2}
159657 | Pan      | Found an exit through the horrors of the Abyss.
159822 | Pan      | Noticed Ridwautecs the pandemonium lord
159835 | Pan      | Killed Ridwautecs the pandemonium lord
161626 | Pan      | Lost mutation: Your spells are harder to cast, but more
                  | powerful. [a cacodemon]
161627 | Pan      | Noticed Suanot the pandemonium lord
161655 | Pan      | Killed Suanot the pandemonium lord
161920 | Pan      | Identified the ring of Watiosics {rF+ Will+ AC+4}
164779 | Pan      | Lost mutation: Your spells are a little harder to cast, but
                  | a little more powerful. [a cacodemon]
164781 | Pan      | Noticed Ciosium the pandemonium lord
164810 | Pan      | Killed Ciosium the pandemonium lord
165877 | Pan      | Gained mutation: You occasionally lose the ability to read
                  | scrolls when taking damage. [a neqoxec]
165888 | Pan      | Gained mutation: You are occasionally teleported next to
                  | monsters. [a neqoxec]
165901 | Pan      | Entered the realm of Gloorx Vloq.
165912 | Pan      | Noticed Gloorx Vloq
165914 | Pan      | HP: 11/249 [Executioner (6)]
165914 | Pan      | HP: 1/249 [Executioner (5)]
165914 | Pan      | Mangled by a reaper

Illustrated notes

Levels and vault maps discovered:
D:1:      dpeg_arrival_arbitrary_c, layout_rooms
D:2:      layout_basic, minmay_joined_circles
D:3:      layout_basic, hangedman_decor_points
D:4:      layout_basic, kennysheep_little_box, nicolae_gozag_seed_capital,
          minmay_temple_entry_sparse_star,
          serial_library_hellmonk_angled_corner, chequers_serial_rivers_marsh,
          serial_library_hellmonk_angled_corner
D:5:      layout_basic, grunt_temple_overflow_diamond,
          lemuel_mausoleum_altar_yredelemnul, serial_shops, kennysheep_mini,
          chequers_arboretum
D:6:      layout_gridville, grunt_temple_overflow_open, minmay_crystal_room,
          uniq_sigmund, uniq_duvessa, uniq_pikel, uniq_grinder
D:7:      layout_loops_corners, general_overflow_altar,
          mainiacjoe_overflow_six_doors_small, serial_shops, shop,
          minmay_misc_feat_cross
D:8:      layout_gridville, trog_butcher_becter, minmay_bent
D:9:      layout_cave_pods, uniq_erolcha
D:10:     layout_loops_ring, serial_aquarium, aquarium_bridge_straight
          [aquarium_subvault_bridge, aquarium_subvault_window,
          aquarium_subvault_bridge, aquarium_subvault_wall], aquarium_window_1,
          aquarium_window_corridor_3, aquarium_window_2, aquarium_view_2d,
          aquarium_balcony_5a, aquarium_pool_split
D:11:     layout_rooms, hellmonk_lair_entry_icy, uniq_urug, uniq_josephine
D:12:     layout_rooms, erik_orc_4, small_chamber_with_monster,
          chequers_serial_rivers_large_b, nicolae_shop_fire_sale
          [nicolae_sub_dead_trees], nemelex_xobeh_ov_fountains_minmay,
          uniq_gastronok
D:13:     layout_rooms, fedhas_bush_and_centaur_altar
D:14:     layout_big_octagon, david_vaults_1, serial_park, serial_park_square3
          [serial_park_minivault_5x5_7], serial_park_tiny_1, serial_park_gazebo
          [serial_park_minivault_5x5_6]
D:15:     hangedman_depths_entry_civil_slaughter, layout_basic,
          gauntlet_entry_generic
Temple:   nicolae_temple_cloud_nine
Lair:1:   layout_loops_ring, serial_bayou_crossing
Lair:2:   layout_regular_city, minmay_shoals_entry_centaurs, minivault_11,
          small_statue_intersection, minivault_26
Lair:3:   layout_small_grid, alex1729_snake_entry_snake,
          hangedman_lair_unloving_vines, infiniplex_staircase_pool
Lair:4:   layout_misc_corridors, slime_entry_1, chequers_serial_rivers_large_a
Lair:5:   minmay_lair_end_enchanted_forest, layout_regular_city,
          nicolae_volcano_entry_s_turn, grunt_megastairs_5, serial_bayou_shore_b
Shoals:1: layout_shoals, serial_shops, shop, uniq_mlioglotl, uniq_kirke,
          uniq_aizul
Shoals:2: layout_shoals, serial_shops, shop
Shoals:3: layout_shoals, serial_shops, nicolae_shop_rolling_square,
          serial_nicolae_subway, nicolae_sub_station_stone,
          nicolae_sub_station_metal, nicolae_sub_station_crystal
Shoals:4: shoals_end_grunt_garden, layout_shoals
Snake:1:  layout_chambers, serial_shops, shop, grunt_megastairs_4,
          minmay_shop_grove, serial_bayou_shore_a
Snake:2:  layout_gridlike, serial_shops, shop, st_stairs_12, grunt_megastairs_1,
          minmay_shop_star
Snake:3:  layout_onion, serial_shops, nicolae_shop_stone,
          serial_library_regret_index_split_case, nicolae_snake_linked_coils
Snake:4:  hellmonk_snake_rune_quicksilver_temple, layout_grid_shapes
Slime:1:  layout_caves
Slime:2:  layout_caves
Slime:3:  layout_caves
Slime:4:  layout_caves, basic_altar
Slime:5:  slime_pit_nicolae_royal_road_to_ruin
Orc:1:    layout_caves, basic_altar
Orc:2:    hellmonk_orc_salted, layout_caves, minmay_orc_temple_c, uniq_donald
Elf:1:    elf_arrival_001, layout_loops_ring, minmay_elf_necromancy
Elf:2:    nicolae_elf_blades_crystal_corner, layout_geoelf_grid
Elf:3:    minmay_elf_hall_quartered_circle, layout_loops_cross, st_stairs_12
Vaults:1: nicolae_vaults_closet_pinwheel_3, v_alt_pattern_4, minmay_orc_keep,
          hangedman_vaults_snaps, nicolae_vaults_closet_pinwheel_6,
          hangedman_vaults_capsules, vaults_room_pool, v_misc_11,
          nicolae_vaults_tetromino_Z_2, nicolae_vaults_trapezoid_lopsided_2,
          vaults_dpeg_cross, ontoclasm_vaults_shout,
          nicolae_vaults_tetromino_T_1, layout_vaults_omnigrid, serial_shops,
          shop
Vaults:2: nicolae_vaults_network_square, minmay_crypt_entry_necro_gods,
          hangedman_vaults_corner, grunt_vaults_funnel, hangedman_vaults_hat,
          nicolae_vaults_storing_the_good_stuff, layout_vaults_chaotic_city
Vaults:3: nicolae_vaults_two_Ls, st_more_cells, nicolae_vaults_border_crossing,
          nicolae_vaults_storage_room_water, vaults_mumra_hex,
          ontoclasm_vaults_twist, vaults_room_pool, v_misc_5,
          nicolae_vaults_closet_pinwheel_2, vaults_room_fancy_cross,
          nicolae_vaults_closet_pinwheel_1, nicolae_vaults_storage_closets_1,
          vaults_room_hallway, v_misc_16, layout_vaults_ring, serial_shops,
          shop, uniq_nikola
Vaults:4: nicolae_vaults_sesquioval_fish, vaults_room_ringed_pool,
          vaults_room_fancy_cross, v_misc_3, grunt_vaults_trifunnel,
          nicolae_vaults_twisting_passages, grunt_vaults_twisty,
          nicolae_vaults_ninety_degrees, vaults_mumra_chevron,
          hangedman_vaults_corner_blocks, nicolae_vaults_little_squares_5,
          vaults_room_grid, layout_vaults_maze_bifur
Vaults:5
Crypt:1:  layout_misc_corridors, grunt_crypt_arrival_split
Crypt:2:  layout_misc_corridors, ebering_ghost_reflecting_pool,
          nicolae_crypt_tutankhamun
Crypt:3:  church_of_pain_bobbens, layout_chaotic_city,
          nicolae_tomb_entry_rubble_hallway, basic_altar
Depths:1: layout_cave_shapes, hell_entry, chequers_serial_rivers_room_a,
          tso_metal_star, serial_bayou_shore_b
Depths:2: nicolae_aperiodic_l_corner, layout_cave_pools, enter_ziggurat_e,
          hell_entry, abyss_entry, pan_entry, uniq_vv, uniq_grunn
Depths:3: cheibrodos_salmonella, layout_gridlike, abyss_entry, hell_entry,
          nicolae_titane
Depths:4: evilmike_zot_entry_argh, layout_basic, pan_entry, hellmouth_1,
          serial_shops, nicolae_shop_pleasant_corner_grove, nicolae_square_shop,
          nicolae_shop_tiny_waterfront, shop, nicolae_shop_waterfront,
          nicolae_vehumet_altar_sigil
Hell
Dis:1:    layout_overlapping_boxes
Dis:2:    layout_gridville, nicolae_dis_strange_trophy_room
Dis:3:    layout_gridville, nicolae_hells_seeping_fissure
Dis:4:    layout_overlapping_boxes
Dis:5:    layout_jigsaw
Dis:6:    layout_gridville, nicolae_dis_big_boring_drill
Dis:7:    iron_city_of_dis [dis_grunt, dis_wall_7], layout_gridville,
          nicolae_dis_distal_crystal
Geh:1:    layout_gehenna_lava_caves
Geh:2:    layout_gehenna_pools_basic
Geh:4:    layout_gehenna_lava_caves
Geh:5:    layout_gehenna_pools_triple, amcnicky_altar_lugonu_corruption
Geh:6:    layout_gehenna_lava_caves
Geh:7:    geh_grunt
Coc:1:    layout_cocytus_water_paths
Coc:2:    layout_ice_bergs
Coc:3:    layout_cocytus_water_paths
Coc:4:    layout_ice_bergs
Coc:5:    layout_cocytus_delve
Coc:6:    layout_cocytus_water_paths
Coc:7:    coc_old
Zot:1:    layout_cellular_growth, hangedman_zot_decor_unnerving_road,
          regret_index_zotdec_under_construction
Zot:2:    layout_twisted_circle,
          regret_index_zotdec_abyssal_contain_seething_sorcery,
          regret_index_zotdec_banners, uniq_josephina
Zot:3:    layout_cathedral_of_symmetry, st_stairs_10,
          regret_index_zotdec_onion_hex,
          regret_index_zotdec_barnacled_alternative
Zot:4:    layout_onion
Zot:5:    layout_misc_corridors, regret_index_zotdec_plus
Pan:      evilmike_mini_pan_V, layout_gridlike, pan_blood_fountain_small,
          reaverb_pan_chaos_star, evilmike_mnoleg_eyes, layout_cellular_growth,
          pan_blood_fountain_small, evilmike_mini_pan_murderfest,
          layout_grid_shapes, rand_demon_5, layout_basic, rand_demon_2,
          layout_gridlike, nicolae_pan_mnolegish_3, evilmike_mini_pan_thingy,
          layout_basic, nicolae_pan_lom_lobonic_4, cerebov_grunt,
          layout_gridlike, evilmike_mini_pan_thingy, layout_gridlike,
          uniq_mennas_pan, pan_blood_fountain, grunt_pan_sceptre,
          layout_chambers, nicolae_pan_mnolegish_4, evilmike_mini_pan_T,
          layout_irregular_city, rand_demon_5, layout_cellular_growth,
          evilmike_mini_pan_other_thingy, layout_chambers, lemuel_hall_of_pain,
          layout_basic, pan_blood_fountain, gloorx_vloq, layout_gridlike

Skill      XL: |  1  2  3  4  5  6  7  8  9 10 11 12 13 14 15 16 17 18 19 20 21 22 23 24 25 26 27 |
---------------+----------------------------------------------------------------------------------+-----
Fighting       | 1 2 3 4 5 6 7 8 10 11 12 13 14 15 16 17 18 20 21 27 | 27.0
Spellcasting   | 3 4 5 6 8 9 10 11 12 13 14 15 16 17 19 20 21 22 23 27 | 27.0
Ice Magic      | 4 5 6 8 10 12 13 14 15 16 17 18 19 20 21 22 23 | 23.0
Dodging        | 2 3 4 6 7 9 10 11 12 14 15 17 | 17.0
Stealth        | 2 4 5 6 8 9 15 16 18 | 18.0
Summonings     | 1 3 4 |  4.0
Conjurations   | 3 4 6 7 8 10 11 15 | 15.0
Air Magic      | 1 2 4 |  4.0
Alchemy        | 1 4 7 8 |  8.9
Armour         | 1 2 |  2.0
Shields        | 1 5 6 14 | 14.0
Evocations     | 3 6 |  6.0
Earth Magic    | 10 13 24 | 24.0
Shapeshifting  | 20 | 20.1

Action                     |  1- 3 |  4- 6 |  7- 9 | 10-12 | 13-15 | 16-18 | 19-21 | 22-24 | 25-27 || total
---------------------------+-------+-------+-------+-------+-------+-------+-------+-------+-------++-------
  Melee: Unarmed           |     6 |       |       |       |       |       |       |       |       ||     6
         Short sword       |    31 |    32 |       |       |       |       |       |       |       ||    63
         Punch             |       |     1 |     1 |       |       |       |       |       |       ||     2
         Long sword        |       |    35 |   115 |   171 |   118 |     4 |       |       |       ||   443
         Staff             |       |       |       |       |       |    25 |     4 |    20 |   125 ||   174
         Bite              |       |       |       |       |       |       |       |       |    27 ||    27
   Cast: Freeze            |    59 |    52 |       |       |       |       |       |       |       ||   111
         Ozocubu's Armour  |       |     4 |     4 |    10 |     4 |       |       |       |       ||    22
         Frozen Ramparts   |       |     2 |    15 |    56 |     4 |       |       |       |       ||    77
         Summon Ice Beast  |       |       |    51 |    76 |     1 |       |       |       |       ||   128
         Freezing Cloud    |       |       |       |    71 |   321 |     8 |       |       |       ||   400
         Olgreb's Toxic Ra |       |       |       |     7 |   196 |    10 |     3 |     1 |       ||   217
         Ozocubu's Refrige |       |       |       |       |   158 |   613 |   695 |   656 |   874 ||  2996
         Fulminant Prism   |       |       |       |       |       |     7 |     8 |       |       ||    15
         Irradiate         |       |       |       |       |       |     2 |     4 |     3 |     6 ||    15
         Orb of Destructio |       |       |       |       |       |       |    45 |    79 |    25 ||   149
         Polar Vortex      |       |       |       |       |       |       |     2 |    38 |   145 ||   185
         Bombard           |       |       |       |       |       |       |       |       |   646 ||   646
         Spellforged Servi |       |       |       |       |       |       |       |       |   226 ||   226
         Lehudib's Crystal |       |       |       |       |       |       |       |       |    18 ||    18
         Shatter           |       |       |       |       |       |       |       |       |  1756 ||  1756
 Invoke: Potion Petition   |       |       |       |     1 |     3 |     1 |       |     2 |    35 ||    42
         Call Merchant     |       |       |       |       |     1 |     2 |     1 |       |     3 ||     7
Ability: End Transformatio |       |       |       |       |       |       |       |       |     1 ||     1
  Evoke: Wand              |       |       |       |     1 |       |       |       |       |     1 ||     2
         Phantom mirror    |       |       |       |       |       |       |       |     1 |     6 ||     7
         Horn of Geryon    |       |       |       |       |       |       |       |       |     4 ||     4
         Condenser vane    |       |       |       |       |       |       |       |       |     4 ||     4
         Lightning rod     |       |       |       |       |       |       |       |       |     3 ||     3
         Phial of floods   |       |       |       |       |       |       |       |       |     3 ||     3
         Sack of spiders   |       |       |       |       |       |       |       |       |     3 ||     3
    Use: Scroll            |       |       |    15 |     6 |    14 |     3 |     8 |     4 |    14 ||    64
         Potion            |       |       |       |     1 |     1 |       |     1 |    12 |    17 ||    32
   Stab: Sleeping          |       |     4 |     7 |       |       |     1 |       |       |       ||    12
 Armour: Robe              |    47 |    40 |    74 |       |       |    54 |    92 |   189 |   600 ||  1096
         Leather armour    |       |       |    11 |   152 |   167 |    26 |       |       |       ||   356
         Skin              |       |       |       |       |       |       |       |       |     1 ||     1
  Dodge: Dodged            |    75 |    71 |    83 |   193 |   126 |    44 |    58 |   180 |   535 ||  1365
  Block: Buckler           |       |       |       |       |    12 |    30 |    32 |    63 |   277 ||   414

Table legend: (Time is in decaauts)
 A = Elapsed time spent in this place.
 B = Non-inter-level travel time spent in this place.
 C = Inter-level travel time spent in this place.
 D = Time resting spent in this place.
 E = Time spent auto-exploring this place.
 F = Levels seen in this place.
 G = Mean time per level.
                   A        B        C        D        E       F      G
               +--------+--------+--------+--------+--------+-----+--------+
         Total | 166451 | 156910 |   9541 |  37933 |  89931 |  95 | 1752.1 |
       Dungeon |  23346 |  20332 |   3014 |   2803 |  12941 |  15 | 1556.4 |
        Temple |      5 |      5 |      0 |      0 |      4 |   1 |    5.0 |
          Lair |  11480 |  10226 |   1254 |   1586 |   7031 |   5 | 2296.0 |
        Shoals |   5618 |   5410 |    208 |    640 |   4110 |   4 | 1404.5 |
     Snake Pit |   7322 |   6607 |    715 |    965 |   4650 |   4 | 1830.5 |
    Slime Pits |   4585 |   4463 |    122 |   1077 |   2850 |   5 |  917.0 |
  Orcish Mines |   4388 |   4232 |    156 |   1319 |   2156 |   2 | 2194.0 |
   Elven Halls |   4984 |   4821 |    163 |   1011 |   2906 |   3 | 1661.3 |
        Vaults |  13753 |  12677 |   1076 |   3274 |   7463 |   5 | 2750.6 |
         Crypt |   7716 |   6702 |   1014 |    904 |   4303 |   3 | 2572.0 |
        Depths |  10675 |   9604 |   1071 |   3524 |   4666 |   4 | 2668.8 |
          Hell |   1386 |   1276 |    110 |    137 |    828 |   1 | 1386.0 |
           Dis |   6748 |   6733 |     15 |   2093 |   3269 |   7 |  964.0 |
       Gehenna |   5899 |   5717 |    182 |   2226 |   2731 |   6 |  983.2 |
       Cocytus |   7076 |   6986 |     90 |   2890 |   2963 |   7 | 1010.9 |
           Zot |  10732 |  10388 |    344 |   3910 |   5069 |   5 | 2146.4 |
         Abyss |    339 |    339 |      0 |     25 |     18 |   3 |  113.0 |
   Pandemonium |  38747 |  38747 |      0 |   8814 |  21419 |  14 | 2767.6 |
       Volcano |   1642 |   1642 |      0 |    732 |    551 |   1 | 1642.0 |
               +--------+--------+--------+--------+--------+-----+--------+

Top non-repeatable levels by time:
   Dis:7: 4523 daAuts
   Coc:7: 3786 daAuts
   Zot:5: 3611 daAuts
  Lair:5: 3552 daAuts
Vaults:5: 3198 daAuts
Vaults:1: 3147 daAuts
  Lair:3: 3043 daAuts
Depths:2: 2906 daAuts
   Orc:2: 2897 daAuts
Depths:4: 2886 daAuts
 Crypt:3: 2868 daAuts
 Crypt:1: 2775 daAuts
   Zot:1: 2761 daAuts
Vaults:2: 2706 daAuts
  Lair:2: 2664 daAuts
